AoeStats
← aitorpevi

Arena

511010132Analyzed
1v1 RM · 5h ago on Oct 3, 2026· 60m 1s· 2 players
Game mode
Random Map
Map size
Tiny (2 player)
Population
200
Speed
Normal
Resources
Standard
Victory
Conquest
Starting age
Dark Age
Ending age
Imperial Age
RankedLock teamsTeams togetherTeam positionsShared explorationLock speedFull tech treeHidden civsTurbo modeCheats
Victory
Defeat
🇪🇸 Ethiopians · Spain
757
+16
🇪🇸 Spanish · Spain
757
-16
aitorpevi
12:30 Feudal Age
14:08 Double-Bit Axe
17:14 Castle Age
16:05 Horse Collar
18:40 Forging
18:44 Scale Barding Armor
20:17 Forging
28:25 Loom
29:20 Wheelbarrow
28:30 Town Watch
29:57 Bow Saw
29:54 Heavy Plow
29:34 Crossbowman
30:35 Thumb Ring
31:42 Fletching
31:55 Padded Archer Armor
35:48 Imperial Age
35:01 Bodkin Arrow
35:22 Leather Archer Armor
35:11 Scale Mail Armor
35:52 Iron Casting
37:12 Torsion Engines
37:28 Gold Mining
38:43 Two-Man Saw
37:58 Arbalester
40:20 Chemistry
39:18 Murder Holes
39:14 Onager
42:07 Siege Engineers
42:23 Ballistics
42:18 Heavy Camel Rider
45:48 Siege Onager
48:25 Husbandry
51:58 Royal Heirs
52:23 Conscription
pablogumar
10:28 Feudal Age
11:12 Double-Bit Axe
12:04 Wheelbarrow
11:14 Town Watch
12:27 Horse Collar
19:20 Castle Age
18:07 Gold Mining
19:20 Scale Barding Armor
20:35 Bow Saw
21:05 Hand Cart
20:39 Pikeman
21:20 Squires
22:37 Heavy Plow
31:03 Imperial Age
28:45 Town Patrol
29:24 Stone Mining
30:19 Ballistics
30:46 Stone Shaft Mining
32:49 Chemistry
32:03 Forging
31:53 Scale Mail Armor
32:14 Chain Barding Armor
31:54 Padded Archer Armor
31:45 Fletching
33:20 Two-Man Saw
32:44 Murder Holes
33:28 Iron Casting
33:00 Capped Ram
34:03 Chain Mail Armor
36:43 Thumb Ring
36:01 Elite Skirmisher
37:12 Loom
37:04 Halberdier
38:50 Blast Furnace
38:20 Plate Mail Armor
38:26 Plate Barding Armor
38:12 Leather Archer Armor
46:24 Siege Ram
Connection lost

Rejoining the realm…

Still unreachable

The connection could not be restored.

Session expired

The server has moved on; the page needs a fresh start.